 Dungeon Crawl Stone Soup version 0.17-a0-1393-gcb420ff (console) character file.

4804 utis the Zephyrmancer (level 10, -2/58 HPs)
             Began as a Tengu Fighter on June 16, 2015.
             Was an Elder of Vehumet.
             Slain by an orc warrior
             ... wielding a +1 scimitar of electrocution
              (10 damage)
             ... on level 8 of the Dungeon.
             The game lasted 00:45:46 (12110 turns).

utis the Zephyrmancer (Tengu Fighter)              Turns: 12110, Time: 00:45:47

Health: -2/58      AC: 13    Str: 17    XL:     10   Next: 48%
Magic:  15/23      EV: 15    Int: 13    God:    Vehumet [****..]
Gold:   471        SH:  0    Dex: 14    Spells: 4 memorised, 2 levels left

rFire  . . .     SeeInvis .     a - +1 flail
rCold  . . .     Clarity  .     d - +0 scale mail "Gorch" {rCorr Int+2} (curse)
rNeg   . . .     SustAt   .     (no shield)
rPois  .         Gourm    .     (helmet restricted)
rElec  .         Spirit   .     (no cloak)
rCorr  +         Warding  .     n - +2 pair of gloves
rMut   .         Stasis   .     (boots unavailable)
MR     .....                    S - amulet of faith {!P}
Stlth  ..........               g - ring of magical power
                                q - +2 ring of protection

@: flying quickly and evasively (expiring), very slightly contaminated, repel
missiles, quick, not resistant to hostile enchantments, extremely unstealthy
A: beak, talons 3, able to fly 1
a: Renounce Religion


You were on level 8 of the Dungeon.
You worshipped Vehumet.
Vehumet was greatly pleased with you.
You were very hungry.

You visited 2 branches of the dungeon, and saw 10 of its levels.
You also visited: Ossuary.

You collected 471 gold pieces.

Inventory:

Hand weapons
 a - a +1 flail (weapon)
 c - a +0 blowgun
 f - a +0 whip of venom
 R - a +0 great mace
Missiles
 i - 360 stones (quivered)
 j - 90 sling bullets
 r - 14 curare-tipped needles {=f}
 t - 29 poisoned needles
 Q - 4 exploding tomahawks
Armour
 b - a cursed +0 cloak
 d - the cursed +0 scale mail "Gorch" (worn) {rCorr Int+2}
   (You took it off a kobold on level 4 of the Dungeon)

   It affects your intelligence (+2).
   It protects you from acid and corrosion.
   It has a curse placed upon it.
 n - a +2 pair of gloves (worn)
 E - the +0 leather armour of Disguise {Str+2, unknown}
   (You found it on level 6 of the Dungeon)

   It affects your strength (+2).
 N - a +0 shield
Magical staves
 P - an uncursed staff of energy {unknown}
Jewellery
 g - a ring of magical power (right hand)
 q - a +2 ring of protection (left hand)
 s - an uncursed ring of wizardry
 w - an uncursed ring of stealth
 S - an amulet of faith (around neck) {!P}
Magical devices
 x - a wand of fire (2)
 B - a wand of teleportation (2)
 L - a wand of magic darts (15)
 T - a wand of lightning (10)
Scrolls
 l - 3 scrolls of enchant weapon
 u - 4 scrolls of blinking {!r}
 v - a scroll of magic mapping
 y - 2 scrolls of amnesia
 G - 3 scrolls of teleportation {!r}
 H - a scroll of acquirement {unknown}
 M - a scroll of remove curse
 U - a scroll of fog {unknown}
Potions
 h - 5 potions of curing
 m - a potion of flight
 o - a potion of lignification
 p - 2 potions of resistance
 A - a potion of cure mutation {!q}
 F - a potion of brilliance {unknown}
 J - 4 potions of heal wounds
 O - a potion of cancellation {unknown}
Books
 C - a book of Summonings

   Spells                             Type                      Level
   a - Recall                         Summoning/Translocation      3
   b - Aura of Abjuration             Summoning                    5
   c - Shadow Creatures               Summoning                    5
   d - Summon Demon                   Summoning                    5
   e - Summon Forest                  Summoning/Translocation      5
   f - Summon Mana Viper              Hexes/Summoning              5
 D - a book of Battle

   Spells                             Type                      Level
   a - Infusion                       Charms                       1
   b - Shroud of Golubria             Charms/Translocation         2
   c - Song of Slaying                Charms                       2
   d - Spectral Weapon                Hexes/Charms                 3
   e - Regeneration                   Charms/Necromancy            3
 K - a book of Air

   Spells                             Type                      Level
   a - Shock                          Conjuration/Air              1
   b - Swiftness                      Charms/Air                   2
   c - Repel Missiles                 Charms/Air                   2
   d - Static Discharge               Conjuration/Air              3
   e - Lightning Bolt                 Conjuration/Air              5
Comestibles
 e - 6 bread rations
 k - 3 meat rations
 z - 4 fruits
 I - a slice of pizza
 V - 8 chunks of flesh


   Skills:
 - Level 4.7 Fighting
 - Level 8.1 Maces & Flails
 - Level 6.9 Armour
 - Level 5.9 Dodging
 - Level 3.0 Shields
 - Level 2.0 Spellcasting
 + Level 8.5 Conjurations
 - Level 1.0 Charms
 + Level 9.1 Air Magic


You had 2 spell levels left.
You knew the following spells:

 Your Spells              Type           Power        Failure   Level  Hunger
a - Shock                 Conj/Air       ###.         1%          1    ##.....
b - Static Discharge      Conj/Air       ###.....     2%          3    ####...
r - Repel Missiles        Chrm/Air       ##....       14%         2    ###....
B - Lightning Bolt        Conj/Air       ###.......   24%         5    ######.


Dungeon Overview and Level Annotations

Branches:
Dungeon (9/15)             Temple (1/1) D:4
   Lair: D:8-11         Orc: D:9-12

Altars:
Ashenzari
Cheibriados
Dithmenos
Fedhas
Gozag
Kikubaaqudgha
Makhleb
Nemelex Xobeh
Okawaru
Qazlal
Sif Muna
Trog
Vehumet
Xom
Yredelemnul
Zin
The Shining One

Annotations:
D:4 Sigmund


Innate Abilities, Weirdness & Mutations

You have a beak for a mouth.
You have claws for feet.
You can fly.


Message History

You hit the orc warrior. Your peck misses the orc warrior.
The orc warrior is severely wounded.
The orc warrior closely misses you.
You hit the orc warrior.
You claw the orc warrior, but do no damage.
Your peck misses the orc warrior.
The orc warrior is severely wounded.
The orc warrior barely misses you.
You hit the orc warrior.
You claw the orc warrior, but do no damage.
You peck the orc warrior, but do no damage.
The orc warrior is almost dead.
The orc warrior barely misses you.
You hit the orc warrior. Your peck misses the orc warrior.
The orc warrior is almost dead.
You are starting to lose your buoyancy.
The orc warrior hits you with a scimitar of electrocution!
* * * LOW HITPOINT WARNING * * *
You are electrocuted!
You die...

▓▓..▓8▓▓▓8▓▓ ▓.▓ ▓▓▓▓
▓..▓▓▓▓▓▓▓▓ ▓o▓ ...▓
▓..▓▓.....▓ ▓.▓
...▓▓▓▓▓▓▓..▓▓▓▓'▓▓▓▓▓.▓
.......................▓
...▓▓▓▓▓▓▓...▓▓▓.▓▓▓▓▓▓▓
...▓ ▓..▓.▓ ▓.▓ ...▓
▓▓.▓▓.▓ ▓o▓ ..)▓
▓..▓▓.▓▓▓Q▓ ▓▓.▓
▓▓.▓▓▓..▓▓'▓▓ ▓.▓ ▓..▓
▓▓.▓...▓ ▓.▓ ▓.▓▓
▓.▓...▓ ▓▓.▓ ▓▓.▓
▓.▓...▓ ...▓ ▓..▓
▓.▓...▓▓▓▓▓ ▓▓▓▓ ▓.▓▓
▓.▓.......▓ ▓.▓
▓....!....▓ ▓▓.▓
▓▓........▓


You could see an orc warrior.

Vanquished Creatures
  A rust devil (D:4)
  A two-headed ogre (D:4)
  3 yaks (D:9)
  A hungry ghost (D:7)
  A water moccasin (D:6)
  Purgy (D:3)
  An ice beast (D:6)
  3 phantoms
  An orc warrior (D:7)
  4 ogres
  A centaur (D:7)
  4 giant frogs
  4 elf zombies (Ossuary)
  The ghost of Steifyn the Ruffian, a weakling TrMo of the Shining One (D:3)
  6 killer bees (D:7)
  7 crimson imps
  7 centaur zombies
  A quasit (D:8)
  A giant frog zombie (D:7)
  5 orc priests
  3 giant frog skeletons
  4 hounds
  3 human zombies (Ossuary)
  6 orc wizards
  A centaur skeleton (D:7)
  3 jellies
  2 iguanas
  4 worker ants
  Natasha (thrice) (D:4)
  A killer bee zombie (D:8)
  A hound zombie (D:8)
  A hound skeleton (D:8)
  4 mummies
  4 gnolls
  Robin (D:2)
  A worker ant zombie (D:8)
  5 adders
  5 shadow imps
  2 oozes
  An adder zombie (D:5)
  3 worms
  4 giant geckos
  19 orcs
  3 ball pythons
  14 bats
  2 bat skeletons
  5 giant cockroaches
  20 goblins
  12 hobgoblins
  5 quokkas
  9 giant newts
  16 jackals
  16 kobolds
  A quokka skeleton (D:5)
  15 rats
253 creatures vanquished.

Notes
Turn   | Place    | Note
--------------------------------------------------------------
     0 | D:1      | utis the Tengu Fighter began the quest for the Orb.
     0 | D:1      | Reached XP level 1. HP: 14/14 MP: 2/2
    45 | D:1      | Reached XP level 2. HP: 17/19 MP: 3/3
   809 | D:2      | Reached XP level 3. HP: 9/23 MP: 4/4
  1149 | D:2      | Reached skill level 4 in Maces & Flails
  1287 | D:2      | Found a stormy altar of Qazlal.
  1468 | D:2      | Found a shadowy altar of Dithmenos.
  1653 | D:2      | Reached XP level 4. HP: 26/28 MP: 5/5
  1838 | D:2      | stupid vault
  2059 | D:2      | Noticed Robin
  2060 | D:2      | Reached skill level 5 in Maces & Flails
  2072 | D:2      | Killed Robin
  2497 | D:3      | Noticed Steifyn's ghost (weakling TrMo)
  2506 | D:2      | Gained mutation: You can fly. [Tengu growth]
  2506 | D:2      | Reached XP level 5. HP: 32/32 MP: 6/6
  2563 | D:3      | Killed Steifyn's ghost
  2563 | D:3      | Reached skill level 1 in Dodging
  2954 | D:3      | Noticed Purgy
  2995 | D:3      | Killed Purgy
  2995 | D:3      | Reached XP level 6. HP: 28/37 MP: 3/7
  3350 | D:4      | Found a staircase to the Ecumenical Temple.
  3357 | D:4      | Noticed Natasha
  3367 | D:4      | Killed Natasha
  3368 | D:4      | Noticed Natasha
  3374 | Temple   | Entered the Ecumenical Temple
  3460 | Temple   | Became a worshipper of Vehumet
  3475 | D:4      | Killed Natasha
  3505 | D:4      | Noticed a two-headed ogre
  3516 | D:4      | Killed a two-headed ogre
  3516 | D:4      | Reached skill level 5 in Armour
  3516 | D:4      | Reached XP level 7. HP: 41/41 MP: 8/8
  3563 | D:4      | Noticed Natasha
  3569 | D:4      | Killed Natasha
  3606 | D:4      | Noticed an angel
  3683 | D:4      | Got a crude scale mail
  3722 | D:4      | Identified the cursed +0 scale mail "Gorch" {rCorr Int+2} (You took it off a kobold on level 4 of the Dungeon)
  3722 | D:4      | hmph
  3802 | D:4      | Noticed Sigmund
  4140 | D:4      | Noticed a rust devil
  4240 | D:4      | Killed a rust devil
  4240 | D:4      | Reached skill level 6 in Maces & Flails
  4240 | D:4      | Reached skill level 5 in Dodging
  4240 | D:4      | Reached XP level 8. HP: 28/47 MP: 5/9
  4478 | D:5      | Entered Level 5 of the Dungeon
  4841 | D:5      | Found a shadowy altar of Dithmenos.
  4882 | D:5      | Acquired Vehumet's first power
  4882 | D:5      | Offered knowledge of Shock by Vehumet.
  4885 | D:5      | Learned a level 1 spell: Shock
  5150 | D:5      | Reached skill level 7 in Maces & Flails
  6118 | D:6      | Found a sand-covered staircase.
  6130 | Ossuary  | Entered an ossuary
  6193 | Ossuary  | Reached skill level 1 in Conjurations
  6202 | Ossuary  | Reached skill level 1 in Air Magic
  6223 | Ossuary  | Offered knowledge of Sandblast by Vehumet.
  6345 | Ossuary  | Reached XP level 9. HP: 47/52 MP: 10/10
  6711 | D:6      | Got a smoking leather armour
  7074 | D:5      | Reached skill level 5 in Air Magic
  7143 | D:6      | Reached skill level 5 in Conjurations
  8215 | D:7      | Offered knowledge of Throw Frost by Vehumet.
  8445 | D:7      | Found a blossoming altar of Fedhas.
  8763 | D:7      | Found a burning altar of Makhleb.
  8989 | D:7      | Acquired Vehumet's second power
  9167 | D:7      | Learned a level 3 spell: Static Discharge
  9486 | D:7      | Reached skill level 8 in Air Magic
  9486 | D:7      | Reached XP level 10. HP: 58/58 MP: 11/11
  9893 | D:7      | Learned a level 2 spell: Repel Missiles
 10044 | D:7      | sigh
 10080 | D:7      | Found a snail-covered altar of Cheibriados.
 10088 | D:7      | Offered knowledge of Stone Arrow by Vehumet.
 10709 | D:8      | Reached skill level 1 in Charms
 10890 | D:8      | Reached skill level 1 in Spellcasting
 10974 | D:8      | Acquired Vehumet's third power
 11196 | D:8      | Offered knowledge of Fulminant Prism by Vehumet.
 11245 | D:8      | Learned a level 5 spell: Lightning Bolt
 12049 | D:9      | Reached skill level 9 in Air Magic
 12110 | D:8      | Slain by an orc warrior

Vault maps used:
D:1:      lightli_iron_boxes
D:2:      kennysheep_goblin_castle, nicolae_overflow_hidden_temple,
          kennysheep_generic_room_10
D:3:      uniq_purgy
D:4:      temple_garden, first_bread, uniq_sigmund, uniq_natasha, uniq_robin
D:5:      nicolae_dithmenos_the_darkroom
D:6:      nicolae_ossuary_entry_monument, kennysheep_potato
D:7:      lemuel_crystal_altar, overflow_temple_1_default, slow_altar_2
D:8:      corexii_hall_statues_u
D:9:      nicolae_overflow_crystal_walls
Temple:   circular_temple_12
Ossuary:  ossuary_minmay_four_chambers

Action                   |  1- 3 |  4- 6 |  7- 9 | 10-12 || total
-------------------------+-------+-------+-------+-------++-------
Melee: Flail             |   101 |   134 |   245 |    98 ||   578
       Whip              |       |    12 |   308 |       ||   320
       Great mace        |       |       |       |    53 ||    53
 Fire: Blowgun           |       |       |    10 |     6 ||    16
Throw: Stone             |    42 |    74 |   118 |     1 ||   235
 Cast: Shock             |       |       |    23 |    21 ||    44
       Static Discharge  |       |       |       |    12 ||    12
       Lightning Bolt    |       |       |       |     1 ||     1
       Repel Missiles    |       |       |       |     1 ||     1
 Abil: Fly               |       |     4 |    34 |     7 ||    45
Evoke: Wand              |       |     2 |     1 |       ||     3
  Use: Scroll            |     4 |     5 |    10 |     1 ||    20
       Potion            |       |     1 |       |     1 ||     2
 Stab: Distracted        |       |     1 |       |       ||     1
  Eat: Chunk             |     2 |     7 |    21 |    10 ||    40
       Pizza             |       |       |     1 |     1 ||     2
       Fruit             |       |       |     4 |     1 ||     5
